 Dungeon Crawl Stone Soup version 0.31.0 (webtiles) character file.

Game seed: 14297404296405309452

2 Esekla the Sneak (level 1, -4/16 HPs)
             Began as an Octopode Delver on Jan 19, 2024.
             Slain by an ufetubus (5 damage)
             ... on level 5 of the Dungeon.
             The game lasted 00:00:40 (69 turns).

Esekla the Sneak (Octopode Delver)                    Turns: 69, Time: 00:00:41

Health: -4/16      AC:  1    Str: 11    XL:     1   Next: 30%
Magic:  1/1        EV: 13    Int: 12    God:
Gold:   0          SH:  0    Dex: 13    Spells: 0/0 levels left

rFire   . . .        a - +0 falchion
rCold   . . .        (no shield)
rNeg    . . .        (helmet restricted)
rPois   .            (no amulet)
rElec   .            (no ring)
rCorr   .            (no ring)
SInv    .            (no ring)
Will    .....        (no ring)
Stlth   ++++         (no ring)
HPRegen 0.22/turn    (no ring)
MPRegen 0.07/turn    (no ring)
                     (no ring)

%: no passive effects
@: no status effects
A: almost no armour, amphibious, 8 rings, camouflage 1, gelatinous body 1,
(nimble swimmer 1), tentacles
a: no special abilities


You were on level 5 of the Dungeon.
You visited 1 branch of the dungeon, and saw 1 of its levels.

Inventory:

Hand Weapons
 a - a +0 falchion (weapon)
 h - a +0 dagger
Wands
 f - a wand of digging (3)
Scrolls
 b - a scroll of fog
 c - a scroll of revelation
Potions
 e - a potion of haste
 g - a potion of brilliance {unknown}
 i - a potion of curing {unknown}


   Skills:
 * Level 3.0 Fighting
 * Level 2.0 Long Blades
 * Level 2.0 Dodging
 + Level 6.7 Stealth


You couldn't memorise any spells.
You didn't know any spells.
Your spell library was empty.

Dungeon Overview and Level Annotations

Branches:
Dungeon (5/15)
 Temple: D:4-7

Altars:


Innate Abilities, Weirdness & Mutations

You cannot wear most types of armour.
You are amphibious.
You can wear up to eight rings at the same time.
Your skin changes colour to match your surroundings (Stealth+).
Your rubbery body absorbs attacks. (AC +1, EV +1)
((You are camouflaged when in or above water. (Stealth+)))
You have tentacles for arms and can constrict up to eight enemies at once.


Message History

You see here a golden potion.
i - a golden potion The orc hits you with a +0 whip.
As you read the scroll of fear, it crumbles to dust.
You assume a fearsome visage.
The orc wizard looks frightened!
The orc looks frightened! x2
The orc wizard looks rattled.
The orc wizard casts a spell.
The orc wizard flickers and vanishes!
Deactivating autopickup; reactivate with Ctrl-A.
Found 26 gold pieces.
Found 5 gold pieces.
Found 12 gold pieces.
An ufetubus comes into view.
The ufetubus shouts!
You hear a shout!
An ufetubus comes into view.
The ufetubus closely misses you. The ufetubus barely misses you.
The ufetubus attacks as it pursues you! The ufetubus hits you.
The ufetubus misses you. The ufetubus slips past you!
The ufetubus barely misses you. The ufetubus closely misses you.
You closely miss the ufetubus. You grab the ufetubus.
You constrict the ufetubus. The ufetubus barely misses you.
The ufetubus closely misses you. The ufetubus barely misses you.
The ufetubus closely misses you.
You release your grip on the ufetubus.
The ufetubus misses you. x2
The ufetubus hits you but does no damage.
The ufetubus hits you.
The ufetubus hits you but does no damage.
The ufetubus hits you. The ufetubus hits you. The ufetubus misses you.
The ufetubus attacks as it pursues you! The ufetubus hits you. x2
* * * LOW HITPOINT WARNING * * *
The ufetubus closely misses you. x2
You closely miss the ufetubus. Your grab misses the ufetubus.
The ufetubus closely misses you. The ufetubus barely misses you.
You slash the ufetubus! Your grab misses the ufetubus.
The ufetubus is severely wounded.
The ufetubus slips past you! The ufetubus misses you.
The ufetubus barely misses you. The ufetubus hits you.
You die...

***,,,,,,,*,,,,.......#,,
*,,,,,,,,,,,***#......#.*
*,,,,,,,,,*** #....$..,,
*,,,,,,,,,* #.....$#,*
****,,,**** #......#,*
*,,*** #####.....$#,*
*,** #.$.......#*,*
#.########.........#*,*
#....5@5.#.........##,*
########............#.#
###..........#.#
#..........#.#
##########.#.# #.#.#
#.#o. #.... ##...


You could see 2 ufetubi.

Vanquished Creatures
  An orc (D:5)
1 creature vanquished.

Notes
Turn   | Place    | Note
-------+----------+-------------------------------------------
     0 | D:5      | Esekla the Octopode Delver began the quest for the Orb.
     0 | D:5      | Reached XP level 1. HP: 16/16 MP: 1/1
    23 | D:5      | Noticed an orc wizard
    69 | D:5      | Slain by an ufetubus

Illustrated notes

Levels and vault maps discovered:
D:5:      layout_rooms, mainiacjoe_overflow_concentric_impassable

Action                     || total
---------------------------++-------
  Melee: Falchion          ||     4
         Constrict         ||     1
    Use: Scroll            ||     2
 Armour: Skin              ||    10
  Dodge: Dodged            ||    19
